 Dungeon Crawl Stone Soup version 0.23.1 (webtiles) character file.

Game seed: 10992010891748382928

51 Borgoz the Sneak (level 3, -2/28 HPs)
             Began as a Ghoul Enchanter on Mar 3, 2019.
             Slain by a sky beast (5 damage)
             ... on level 2 of the Dungeon.
             The game lasted 00:04:21 (1747 turns).

Borgoz the Sneak (Ghoul Enchanter)                  Turns: 1747, Time: 00:04:22

Health: -2/28      AC:  3    Str: 11    XL:     3   Next: 81%
Magic:  1/5        EV: 12    Int: 10    God:
Gold:   36         SH:  0    Dex: 10    Spells: 3/6 levels left

rFire    . . .     SeeInvis .   a - +1 dagger
rCold    + . .     Gourm    .   (no shield)
rNeg     + + +     Faith    .   b - +0 robe
rPois    ∞         Spirit   .   (no helmet)
rElec    .         Reflect  .   (no cloak)
rCorr    .         Harm     .   (no gloves)
MR       .....                  (no boots)
Stlth    ++........             (no amulet)
HPRegen  0.00/turn              e - +1 ring of protection
MPRegen  0.09/turn              (no ring)

@: rotting
A: rotting body, claws 1, carnivore, cold resistance 1, negative energy
resistance 3, inhibited regeneration, torment resistance, unbreathing
a: no special abilities


You were on level 2 of the Dungeon.
You were not hungry.

You visited 1 branch of the dungeon, and saw 3 of its levels.

You collected 36 gold pieces.

Inventory:

Hand Weapons
 a - a +1 dagger (weapon)
Missiles
 f - 6 needles of sleeping
Armour
 b - a +0 robe (worn)
Jewellery
 e - a +1 ring of protection (left claw)
Scrolls
 c - a scroll of magic mapping {unknown}
 i - 2 scrolls of identify {unknown}
 j - a scroll of fear {unknown}
 m - 2 scrolls of remove curse {unknown}
 n - a scroll of enchant armour {unknown}
 p - a scroll of teleportation
Potions
 k - a potion of lignification {unknown}
 l - a potion of agility {unknown}
Comestibles
 d - 4 rations
 g - 3 chunks of flesh


   Skills:
 * Level 1.3 Fighting
 * Level 1.5 Short Blades
 + Level 0.6 Throwing
 + Level 0.7 Armour
 + Level 2.0 Dodging
 + Level 3.5 Stealth
 + Level 2.0 Spellcasting
 + Level 2.5 Hexes


You had 3 spell levels left.
You knew the following spells:

 Your Spells              Type           Power        Failure   Level  Hunger
a - Corona                Hex            #......      11%         1    ##.....
b - Ensorcelled Hibernat  Hex/Ice        #.....       28%         2    ###....

Your spell library contained the following spells:

 Spells                   Type           Power        Failure   Level  Hunger
 Confuse                  Hex            #.......     32%         3    ####...
 Tukima's Dance           Hex            #.......     32%         3    ####...
 Dazzling Spray           Conj/Hex       #.....       50%         3    ####...


Dungeon Overview and Level Annotations

Branches:
Dungeon (3/15)

Altars:

Annotations:
D:1 1 runed translucent door
D:2 Sigmund
D:3 Terence


Innate Abilities, Weirdness & Mutations

Your body is rotting away.
You thrive on raw meat.
You are immune to poison.
You have sharp fingernails.
You are carnivorous and can eat meat at any time.
Your flesh is cold resistant. (rC+)
You are immune to negative energy. (rN+++)
You do not regenerate when monsters are visible.
You are immune to unholy pain and torment.
You can survive without breathing.


Message History

The sky beast resists with significant effort.
The sky beast hits you. The sky beast shocks you.
Casting: Corona (safe; 11% risk of failure)
Confirm with . or Enter, or press ? or * to list all spells.
Aiming: Corona (safe; 11% risk of failure)
Press: ? - help, Shift-Dir - straight line, f/p - sky beast
Aim: a sky beast (chance to defeat MR: 40%)
The sky beast is outlined in light.
The sky beast flickers out of sight for a moment.
The sky beast hits you. The sky beast shocks you.
* * * LOW HITPOINT WARNING * * *
Casting: Corona (safe; 11% risk of failure)
Confirm with . or Enter, or press ? or * to list all spells.
Aiming: Ensorcelled Hibernation (safe; 28% risk of failure)
Press: ? - help, Shift-Dir - straight line, f/p - sky beast
Aim: a sky beast (softly glowing, slightly transparent, chance to defeat MR: 35%)
The sky beast easily resists.
The sky beast hits you.
* * * LOW HITPOINT WARNING * * *
The sky beast shocks you.
You die...

#####.#.# #..##≈≈≈#....
†.....#.#######...≈≈≈≈≈....
#######.#....))..P.P≈≈≈≈≈..
#######.#.######....≈≈≈≈≈.≈...?
.....##.#.# #.....≈P≈≈P≈≈≈...
####.##.#.## #....≈P≈≈≈≈≈≈≈≈P.
#.##.#..#####.##).P≈≈≈≈≈≈≈≈≈≈
#.##.......##Y###..P≈P≈≈≈≈≈≈≈
#.#####.##.##@#....≈≈≈≈≈≈≈≈≈≈ ##
#.# ###.##.##.#......≈≈.≈≈≈≈≈ .#
#.# #......##.# #....≈.≈≈≈PP .#
#.# #.#.#####.#####.#...P..PP .#
#.# #.#.# #.......#........ .#
#.# #.#.# #########..##.##. .#
#.# #.#.# ##............
.###.###.#.########...[.........
.....##.#...........#.##.#######


You could see a sky beast (invisible).

Vanquished Creatures
  An adder (D:2)
  A worm (D:2)
  A dart slug (D:2)
  2 leopard geckos (D:2)
  5 bats
  2 giant cockroaches
  4 goblins
  5 hobgoblins
  4 frilled lizards
  5 kobolds
  4 rats
34 creatures vanquished.

Notes
Turn   | Place    | Note
-------+----------+-------------------------------------------
     0 | D:1      | Borgoz the Ghoul Enchanter began the quest for the Orb.
     0 | D:1      | Reached XP level 1. HP: 14/14 MP: 2/2
     3 | D:1      | Found a runed translucent door.
   200 | D:1      | Reached skill level 1 in Short Blades
   331 | D:1      | Reached XP level 2. HP: 22/22 MP: 3/3
   829 | D:2      | Reached skill level 1 in Fighting
   835 | D:2      | Learned a level 1 spell: Corona
   857 | D:2      | Reached XP level 3. HP: 27/28 MP: 4/4
   867 | D:2      | Noticed Sigmund
  1537 | D:3      | Noticed Terence
  1727 | D:2      | Learned a level 2 spell: Ensorcelled Hibernation
  1731 | D:2      | Noticed a sky beast
  1747 | D:2      | Slain by a sky beast

Skill      XL: |  1  2  3 |
---------------+----------+-----
Short Blades   | 1 |  1.5
Fighting       | 1 |  1.3
Dodging        | 2 |  2.0
Spellcasting   | 2 |  2.0
Throwing       | |  0.6
Armour         | |  0.7
Stealth        | |  3.5
Hexes          | |  2.5

Action                   || total
-------------------------++-------
Melee: Dagger            ||   162
 Cast: Corona            ||     2
       Ensorcelled Hiber ||     1
  Use: Scroll            ||     2
       Potion            ||     3
 Stab: Sleeping          ||    11
  Eat: Chunk             ||    18
Armor: Robe              ||    26
Dodge: Dodged            ||    89
